 Seeded DCSS version 0.31-a0-133-gaae73658be (webtiles) character file.

Game seed: 4191116242249289706 (custom seed)

579 Pimp the Trooper (level 7, -1/44 HPs)
             Began as a Gargoyle Monk on June 2, 2023.
             Was a Believer of Cheibriados.
             Slain by Duvessa
             ... wielding a +0 rapier
              (3 damage)
             ... on level 5 of the Dungeon.
             The game lasted 00:07:06 (3496 turns).

Pimp the Trooper (Gargoyle Monk)                    Turns: 3496, Time: 00:07:07

Health: -1/44      AC: 14    Str: 20    XL:     7   Next: 36%
Magic:  7/7        EV: 10    Int: 15    God:    Cheibriados [**....]
Gold:   154        SH:  0    Dex: 22    Spells: 6/6 levels left

rFire   . . .        a - +0 spear
rCold   . . .        d - orb {light}
rNeg    + . .        y - +0 chain mail
rPois   ∞            (no helmet)
rElec   +            (no cloak)
rCorr   .            (no gloves)
SInv    .            (no boots)
Will    .....        (no amulet) Stlth
                     v - +6 ring of dexterity
HPRegen 0.27/turn    e - ring of wizardry
MPRegen 0.10/turn

%: wizardry (x1)
@: glowing, studying Polearms, very slow
A: sickness immunity, AC +4, negative energy resistance 1, electricity
resistance, torment resistance 1, petrification resistance
a: Renounce Religion, Bend Time


You were on level 5 of the Dungeon.
You worshipped Cheibriados.
Cheibriados was pleased with you.
You visited 2 branches of the dungeon, and saw 6 of its levels.

You collected 154 gold pieces.

Inventory:

Hand Weapons
 a - a +0 spear (weapon)
Armour
 b - a +0 robe
 d - an orb of light (worn)
 r - a +0 leather armour
 y - a +0 chain mail (worn)
Jewellery
 e - a ring of wizardry (right hand)
 v - a +6 ring of dexterity (left hand)
Scrolls
 f - 2 scrolls of identify
 h - 2 scrolls of enchant armour {unknown}
 i - 2 scrolls of fear {unknown}
 j - a scroll of torment {unknown}
 l - 2 scrolls of noise {unknown}
 m - 2 scrolls of teleportation {unknown}
 n - 2 scrolls of fog {unknown}
 s - a scroll of magic mapping {unknown}
 u - a scroll of vulnerability {unknown}
 x - a scroll of poison {unknown}
Potions
 k - 2 potions of brilliance
 o - a potion of degeneration
 p - a potion of attraction {unknown}
 q - a potion of lignification
 t - a potion of curing
 w - a potion of heal wounds {unknown}
 z - a potion of enlightenment {unknown}
 A - a potion of mutation {unknown}


   Skills:
 + Level 5.3 Fighting
 + Level 5.2 Polearms
 + Level 3.6 Armour
 + Level 4.0 Dodging


You had 6 spell levels left.
You didn't know any spells.
Your spell library contained the following spells:

 Spells                   Type           Power      Damage    Failure   Level
 Static Discharge         Conj/Air       0%         2-2/arc   73%         2
 Airstrike                Air            0%         2d(0-16)  100%        4
 Summon Lightning Spire   Summ/Air       0%         N/A       100%        4


Dungeon Overview and Level Annotations

Branches:
Dungeon (5/15)             Temple (1/1) D:4

Altars:
Cheibriados
Makhleb
Sif Muna
Trog

Shops:
D:1 :   D:3 [

Annotations:
D:5 Dowan, Duvessa, Eustachio


Innate Abilities, Weirdness & Mutations

You are immune to sickness and miasma.
Your stone body is resilient. (AC +4)
You are immune to poison.
You resist negative energy. (rN+)
You are resistant to electric shocks. (rElec)
You are resistant to unholy torment.
You are immune to petrification.


Message History

The adder attacks as you move away! The adder bites you but does no damage.
Duvessa hits you with a +0 rapier.
Eustachio utters an oath, "I will die for my friends!"
The adder bites you but does no damage. Duvessa hits you but does no damage.
Eustachio gestures wildly while chanting.
Duvessa zaps a wand.
The roots erupt in riotous growth!
The grasping roots grab you!
Duvessa is unaffected.
The adder is unaffected.
The grasping roots constrict you.
* * * LOW HITPOINT WARNING * * *
The adder bites you but does no damage.
You escape the roots grasp.
Duvessa attacks as you move away! Duvessa hits you with a +0 rapier.
* * * LOW HITPOINT WARNING * * *
The adder attacks as you move away! The adder barely misses you.
Duvessa zaps a wand.
The roots erupt in riotous growth!
The grasping roots grab you!
Duvessa is unaffected.
The grasping roots constrict you.
* * * LOW HITPOINT WARNING * * *
The crimson imp blinks!
You escape the roots grasp.
The adder attacks as you move away! The adder closely misses you.
Duvessa hits you with a +0 rapier.
* * * LOW HITPOINT WARNING * * *
Eustachio casts a spell.
Eustachio blinks!
It was a potion of curing.
You feel better. Duvessa hits you with a +0 rapier.
* * * LOW HITPOINT WARNING * * *
Duvessa hits you with a +0 rapier!
* * * LOW HITPOINT WARNING * * *
Duvessa attacks as you move away! Duvessa hits you but does no damage.
Duvessa closely misses you.
Blink to where?
Press: ? - help, Dir - move target, p - Duvessa
As you read the scroll labelled UTOENWEVAO, it crumbles to dust.
It was a scroll of blinking.
Duvessa says, "My weaknesses are his strengths!"
Eustachio casts a spell.
Duvessa says, "My weaknesses are his strengths!"
Duvessa hits you with a +0 rapier.
You die...

.... ... §. .
######### #
#.......# #
###.e.e...####
#####5o5@.......).
#@eS.#....§...####
###.##........# #
#.##..5.....#
#.##...5....#
#.##........#
.....########
######


You could see Eustachio, Duvessa (fast), Dowan, a crimson imp (summoned,
expiring), an adder, a white imp (summoned) and an orc.

Vanquished Creatures
  Menkaure (D:5)
  An ogre (D:5)
  A phantom (D:3)
  A scorpion (D:4)
  A howler monkey (D:5)
  Jessica (D:3)
  2 orc wizards
  5 adders
  An ufetubus (D:5)
  2 worms
  A dart slug (D:1)
  2 orcs (D:3)
  3 bats (D:3)
  7 endoplasms
  3 giant cockroaches (D:1)
  5 goblins
  6 hobgoblins
  3 jackals (D:3)
  6 kobolds
  3 quokkas
  2 ball pythons (D:4)
  2 frilled lizards (D:1)
  7 rats
66 creatures vanquished.

Notes
Turn   | Place    | Note
-------+----------+-------------------------------------------
     0 | D:1      | Pimp the Gargoyle Monk began the quest for the Orb.
     0 | D:1      | Reached XP level 1. HP: 14/14 MP: 1/1
   122 | D:1      | Reached XP level 2. HP: 11/19 MP: 2/2
   417 | D:1      | Found Himatz's Book Shoppe.
   656 | D:1      | Found a faded altar of an unknown god.
   915 | D:2      | Reached XP level 3. HP: 22/24 MP: 3/3
  1564 | D:2      | Reached skill level 1 in Armour
  1640 | D:3      | Reached XP level 4. HP: 29/29 MP: 4/4
  1843 | D:3      | Found Omie's Armour Shoppe.
  1901 | D:3      | Noticed Jessica
  1912 | D:3      | Killed Jessica
  1913 | D:3      | Reached XP level 5. HP: 30/33 MP: 5/5
  2062 | D:3      | Noticed a phantom
  2067 | D:3      | Identified a scroll of acquirement
  2067 | D:3      | Acquired a manual of Polearms
  2091 | D:3      | Killed a phantom
  2470 | D:4      | Reached XP level 6. HP: 19/39 MP: 6/6
  2624 | D:4      | Found a staircase to the Ecumenical Temple.
  2629 | Temple   | Entered the Ecumenical Temple
  2683 | Temple   | Became a worshipper of Cheibriados the Contemplative
  2683 | Temple   | Reached * piety under Cheibriados
  2683 | Temple   | Reached ** piety under Cheibriados
  3020 | D:5      | Entered Level 5 of the Dungeon
  3020 | D:5      | Noticed a black bear
  3075 | D:5      | Noticed Menkaure
  3367 | D:5      | Killed Menkaure
  3368 | D:5      | Reached skill level 5 in Fighting
  3368 | D:5      | Reached skill level 5 in Polearms
  3368 | D:5      | Reached XP level 7. HP: 41/44 MP: 7/7
  3470 | D:5      | Noticed Duvessa
  3471 | D:5      | Noticed Dowan
  3473 | D:5      | Noticed Eustachio
  3493 | D:5      | HP: 1/44 [Duvessa/+0 rapier (9)]
  3496 | D:5      | Slain by Duvessa

Illustrated notes

Levels and vault maps discovered:
D:1:      eino_arrival_water_star, layout_basic, serial_shops, shop,
          serial_forest, infiniplex_forest_lined_2,
          infiniplex_forest_straight_1, infiniplex_forest_clump_small,
          infiniplex_forest_lined_3, infiniplex_forest_end_double,
          infiniplex_forest_straight_5,
          dreamdust_ecumenical_altar_hidden_monk_grotto
D:2:      layout_basic
D:3:      layout_rooms, serial_shops, shop, minivault_4, chequers_garden,
          interstate_on_off, amcnicky_mini_corridor_feature, uniq_jessica
D:4:      layout_gridville, temple_doors_cd
D:5:      layout_basic, uniq_menkaure, uniq_ijyb, uniq_eustachio, uniq_duvessa,
          uniq_sigmund
Temple:   mainiacjoe_temple_big_plus

Skill      XL: |  1  2  3  4  5  6  7 |
---------------+----------------------+-----
Polearms       | 3 4 5 |  5.2
Armour         | 1 2 3 |  3.6
Fighting       | 4 5 |  5.3
Dodging        | 3 4 |  4.0

Action                     |  1- 3 |  4- 6 |  7- 9 || total
---------------------------+-------+-------+-------++-------
  Melee: Spear             |   118 |   185 |    13 ||   316
    Use: Scroll            |       |     3 |     1 ||     4
         Potion            |       |     2 |     1 ||     3
 Armour: Robe              |    24 |    16 |       ||    40
         Leather armour    |       |    26 |       ||    26
         Chain mail        |       |     8 |    14 ||    22
         Skin              |       |     2 |       ||     2
  Dodge: Dodged            |    53 |    86 |    13 ||   152

Table legend: (Time is in decaauts)
 A = Elapsed time spent in this place.
 B = Non-inter-level travel time spent in this place.
 C = Inter-level travel time spent in this place.
 D = Time resting spent in this place.
 E = Time spent auto-exploring this place.
 F = Levels seen in this place.
 G = Mean time per level.
                   A        B        C        D        E       F      G
               +--------+--------+--------+--------+--------+-----+--------+
         Total |   3652 |   3384 |    268 |    360 |   2401 |   6 |  608.7 |
       Dungeon |   3541 |   3330 |    211 |    360 |   2351 |   5 |  708.2 |
        Temple |    110 |     53 |     57 |      0 |     50 |   1 |  110.0 |
               +--------+--------+--------+--------+--------+-----+--------+

Top non-repeatable levels by time:
     D:4: 1025 daAuts
     D:2: 851 daAuts
     D:1: 762 daAuts
     D:3: 703 daAuts
     D:5: 198 daAuts
  Temple: 110 daAuts
